[Event "XXIV ProAm Copa Clarin 2017"]
[Site "Villa Martelli"]
[Date "2017.10.01"]
[Round "1.22"]
[White "Ibanez, Nestor Edmundo"]
[Black "Palu, Andres"]
[Result "0-1"]
[ECO "A00"]
[WhiteElo "1407"]
[BlackElo "2063"]
[Annotator "NA RC"]
[PlyCount "66"]
[EventDate "2017.??.??"]
[EventType "swiss"]
[EventCountry "ARG"]
[SourceTitle "playchess.com"]
[Source "ChessBase"]
[SourceQuality "1"]
[TimeControl "5400+30"]

1. d4 Nf6 2. Nf3 b6 3. Bf4 Bb7 4. Nbd2 g6 5. e3 Bg7 6. Be2 O-O 7. c3 c5 8. Qc2 Nc6 9. O-O Rc8 10. Rfe1 Nh5 11. d5 Nxf4 12. exf4 Na5 13. Nb3 Bxd5 14. Nxa5 bxa5 15. c4 Be6 16. Rad1 Qc7 17. g3 Rb8 18. b3 a4 19. Ng5 axb3 20. axb3 Rb6 21. Nxe6 Rxe6 22. Bg4 Rxe1+ 23. Rxe1 e6 24. Bf3 Rb8 25. h4 Bd4 26. Kg2 a5 27. Be4 a4 28. bxa4 Rb2 29. Qd3 Rxf2+ 30. Kh3 Qa5 31. Rb1 Qxa4 32. h5 Kg7 33. hxg6 hxg6 {( 0-1 en la jugada 37 )} 0-1

[Event "XXIV ProAm Copa Clarin 2017"]
[Site "Villa Martelli"]
[Date "2017.10.01"]
[Round "1.23"]
[White "Churba, Daniel Alberto"]
[Black "Fuentes, Agustin"]
[Result "1-0"]
[ECO "A00"]
[WhiteElo "2062"]
[BlackElo "1377"]
[Annotator "NA RC"]
[PlyCount "71"]
[EventDate "2017.??.??"]
[EventType "swiss"]
[EventCountry "ARG"]
[SourceTitle "playchess.com"]
[Source "ChessBase"]
[SourceQuality "1"]
[TimeControl "5400+30"]

1. Nf3 Nf6 2. c4 g6 3. g3 Bg7 4. Bg2 d6 5. O-O O-O 6. d4 Nbd7 7. Nc3 c5 8. d5 Nb6 9. Qd3 Re8 10. a4 a6 11. h3 Qc7 12. Bf4 Nh5 13. Bd2 e6 14. a5 Nd7 15. dxe6 fxe6 16. Ne4 Nhf6 17. Qxd6 Qxd6 18. Nxd6 Rd8 19. Rad1 Nf8 20. Be3 Ne8 21. Ne4 Rxd1 22. Rxd1 Bxb2 23. Rd8 Kf7 24. Nxc5 Ke7 25. Bg5+ Kf7 26. Nd3 Bf6 27. Nde5+ Ke7 28. Rxe8+ Kxe8 29. Bxf6 Nd7 30. Bg5 Nxe5 31. Nxe5 Bd7 32. Bxb7 Ra7 33. Be4 Rc7 34. Be3 Ke7 35. Bb6 Rc8 36. Bb7 1-0

[Event "XXIV ProAm Copa Clarin 2017"]
[Site "Villa Martelli"]
[Date "2017.10.01"]
[Round "1.26"]
[White "Souza, Marcos Valerio A"]
[Black "Amoroso, Juan Pablo"]
[Result "0-1"]
[ECO "A00"]
[WhiteElo "2000"]
[BlackElo "2014"]
[Annotator "NA RC"]
[PlyCount "70"]
[EventDate "2017.??.??"]
[EventType "swiss"]
[EventCountry "ARG"]
[SourceTitle "playchess.com"]
[Source "ChessBase"]
[SourceQuality "1"]
[TimeControl "5400+30"]

1. e4 c5 2. Nf3 g6 3. c3 Bg7 4. Bc4 Nc6 5. d3 d6 6. Be3 Nf6 7. h3 O-O 8. O-O a6 9. Bb3 b5 10. Qe2 Rb8 11. Bc2 b4 12. b3 Nd7 13. Qe1 a5 14. a3 Ba6 15. axb4 cxb4 16. Ra2 bxc3 17. Nxc3 Nb4 18. Rb2 Nxc2 19. Rxc2 Bxd3 20. Rb2 Bxf1 21. Kxf1 Nc5 22. Bxc5 dxc5 23. e5 e6 24. Qe2 Qc7 25. Nb5 Qc6 26. Na7 Qb6 27. Nd2 Qxa7 28. f4 Rfd8 29. Ne4 c4 30. Rb1 Rxb3 31. Rc1 Qe3 32. Qxe3 Rxe3 33. Rxc4 Red3 34. Ra4 R3d4 35. Nf6+ Bxf6 0-1

[Event "XXIV ProAm Copa Clarin 2017"]
[Site "Villa Martelli"]
[Date "2017.10.01"]
[Round "1.29"]
[White "Valli, Americo"]
[Black "Gallagher, Ian G"]
[Result "1-0"]
[ECO "A00"]
[WhiteElo "1981"]
[BlackElo "2089"]
[Annotator "NA RC"]
[PlyCount "21"]
[EventDate "2017.??.??"]
[EventType "swiss"]
[EventCountry "ARG"]
[SourceTitle "playchess.com"]
[Source "ChessBase"]
[SourceQuality "1"]
[TimeControl "5400+30"]

1. e4 e5 2. f4 Nc6 3. Nf3 d6 4. d4 f6 5. Bc4 Nge7 6. dxe5 fxe5 7. Nc3 Bg4 8. O-O Nd4 9. Ne2 Nxe2+ 10. Bxe2 Be6 11. f5 {( 1-0 en la jugada 16 )} 1-0

[Event "XXIV ProAm Copa Clarin 2017"]
[Site "Villa Martelli"]
[Date "2017.10.01"]
[Round "1.31"]
[White "Koch, Juan"]
[Black "Ortiz Guerrero, Santiago"]
[Result "1-0"]
[ECO "A00"]
[WhiteElo "1979"]
[BlackElo "1470"]
[Annotator "NA RC"]
[PlyCount "61"]
[EventDate "2017.??.??"]
[EventType "swiss"]
[EventCountry "ARG"]
[SourceTitle "playchess.com"]
[Source "ChessBase"]
[SourceQuality "1"]
[TimeControl "5400+30"]

1. Nf3 e6 2. c4 Nf6 3. g3 Be7 4. Bg2 O-O 5. O-O d5 6. d4 Nc6 7. b3 dxc4 8. bxc4 a6 9. Bb2 b5 10. Ne5 Bb7 11. Nxc6 Bxc6 12. Bxc6 Rb8 13. cxb5 axb5 14. Nd2 b4 15. Nc4 Ng4 16. e4 f6 17. Qxg4 f5 18. exf5 exf5 19. Qe2 b3 20. Qe6+ Kh8 21. Ne5 Rf6 22. Nf7+ Rxf7 23. Qxf7 bxa2 24. Rxa2 Bf6 25. Re1 h6 26. Re8+ Qxe8 27. Bxe8 Kh7 28. Ra6 c5 29. Rxf6 cxd4 30. Rxh6+ Kxh6 31. Qh5# 1-0

[Event "XXIV ProAm Copa Clarin 2017"]
[Site "Villa Martelli"]
[Date "2017.10.01"]
[Round "1.35"]
[White "Bourgeois, William"]
[Black "Costa, Fernando De Souza"]
[Result "0-1"]
[ECO "A00"]
[WhiteElo "1865"]
[BlackElo "2000"]
[Annotator "NA RC"]
[PlyCount "72"]
[EventDate "2017.??.??"]
[EventType "swiss"]
[EventCountry "ARG"]
[SourceTitle "playchess.com"]
[Source "ChessBase"]
[SourceQuality "1"]
[TimeControl "5400+30"]

1. Nf3 Nf6 2. c4 c5 3. g3 Nc6 4. Bg2 e6 5. O-O Be7 6. Nc3 O-O 7. Re1 d5 8. cxd5 exd5 9. d4 cxd4 10. Nxd4 h6 11. e4 Nxd4 12. Qxd4 dxe4 13. Nb5 a6 14. Qxd8 Rxd8 15. Nc7 Rb8 16. Bf4 Bf5 17. Rac1 Bd6 18. Bxd6 Rxd6 19. h3 Rd2 20. g4 Bg6 21. f3 exf3 22. Bxf3 Rxb2 23. h4 h5 24. g5 Ng4 25. Nd5 Rd8 26. Ne7+ Kh7 27. Nxg6 fxg6 28. Rcd1 Rxd1 29. Rxd1 Ne5 30. Bd5 Rb4 31. Be6 Rxh4 32. Rd8 Nf3+ 33. Kg2 Nxg5 34. Bg8+ Kh6 35. Bd5 Rg4+ 36. Kf2 Ne4+ {( 0-1 en la jugada 55 )} 0-1

[Event "XXIV ProAm Copa Clarin 2017"]
[Site "Villa Martelli"]
[Date "2017.10.02"]
[Round "3"]
[White "De Dovitiis, Alejo"]
[Black "Valli, Americo"]
[Result "1-0"]
[ECO "A02"]
[WhiteElo "2338"]
[BlackElo "1981"]
[Annotator "ChessBase"]
[PlyCount "111"]
[EventDate "2017.??.??"]
[EventType "swiss"]
[EventCountry "ARG"]
[SourceTitle "playchess.com"]
[Source "ChessBase"]
[SourceQuality "1"]
[TimeControl "5400+30"]

1. f4 Nf6 2. Nf3 g6 3. b3 Bg7 4. Bb2 O-O 5. g3 d6 6. Bg2 Nc6 7. d4 Bf5 8. O-O Nb4 9. Na3 Nbd5 10. Qc1 Be4 11. c4 Nb4 12. Qd2 c5 13. Nb5 Nc2 14. Rac1 Nxd4 15. Nbxd4 cxd4 16. Bxd4 Bc6 17. Qb2 Ne8 18. Rfd1 Bxd4+ 19. Qxd4 Ng7 20. e4 Ne6 21. Qe3 Qb6 22. Nd4 a5 23. Rc3 Nxd4 24. Qxd4 Qxd4+ 25. Rxd4 Rfc8 26. Re3 Kf8 27. e5 dxe5 28. Rxe5 f6 29. Re2 Bxg2 30. Kxg2 Rd8 31. Rde4 Rd7 32. g4 Ra6 33. f5 Rad6 34. Rf2 Rd4 35. Kf3 Rd3+ 36. Re3 h5 37. Rxd3 Rxd3+ 38. Ke4 Rd8 39. fxg6 hxg4 40. Kf5 Kg7 41. Ke6 Rd6+ 42. Kxe7 Rb6 43. Rf4 Kxg6 44. Rxg4+ Kf5 45. Rg2 a4 46. Rf2+ Ke5 47. Re2+ Kf5 48. c5 Rc6 49. b4 Rc7+ 50. Kd6 Rc6+ 51. Kd5 Rc8 52. Rf2+ Kg6 53. b5 Kf7 54. Kd6 Rd8+ 55. Kc7 Rd5 56. Rc2 1-0

[Event "XXIV ProAm Copa Clarin 2017"]
[Site "Villa Martelli"]
[Date "2017.10.02"]
[Round "3.9"]
[White "Mosconi, Ariel"]
[Black "Gras, Carlos"]
[Result "1-0"]
[ECO "A00"]
[WhiteElo "2077"]
[BlackElo "1908"]
[Annotator "NA RC"]
[PlyCount "71"]
[EventDate "2017.??.??"]
[EventType "swiss"]
[EventCountry "ARG"]
[SourceTitle "playchess.com"]
[Source "ChessBase"]
[SourceQuality "1"]
[TimeControl "5400+30"]

1. c4 Nf6 2. Nc3 d5 3. cxd5 Nxd5 4. Nf3 g6 5. Qa4+ c6 6. Qd4 f6 7. e4 Nxc3 8. Qxc3 Qd6 9. Bc4 Be6 10. O-O Bxc4 11. Qxc4 Nd7 12. d4 e6 13. Bd2 Be7 14. a3 Nb6 15. Qe2 O-O 16. Rfe1 Rae8 17. Rac1 Qd7 18. h4 f5 19. Bh6 Rf7 20. Ne5 Qxd4 21. Nxf7 Kxf7 22. exf5 Bxh4 23. fxe6+ Kg8 24. Rcd1 Qc5 25. Be3 Qf5 26. Bxb6 axb6 27. Rd7 Be7 28. Rxb7 Kf8 29. b4 b5 30. Qe3 Qf6 31. Qe4 Qc3 32. g3 Bf6 33. Re3 Qc1+ 34. Kg2 Qc4 35. Qxc4 bxc4 36. Rf7+ 1-0

[Event "XXIV ProAm Copa Clarin 2017"]
[Site "Villa Martelli"]
[Date "2017.10.02"]
[Round "3.11"]
[White "Costa, Fernando De Souza"]
[Black "Axarlian, Carlos"]
[Result "1/2-1/2"]
[ECO "A00"]
[WhiteElo "2000"]
[BlackElo "2006"]
[Annotator "NA RC"]
[PlyCount "54"]
[EventDate "2017.??.??"]
[EventType "swiss"]
[EventCountry "ARG"]
[SourceTitle "playchess.com"]
[Source "ChessBase"]
[SourceQuality "1"]
[TimeControl "5400+30"]

1. e4 c5 2. Nf3 d6 3. d4 cxd4 4. Nxd4 Nf6 5. Nc3 a6 6. Be2 e5 7. Nb3 Be7 8. O-O Nbd7 9. a4 b6 10. Be3 Bb7 11. Qd3 O-O 12. Rad1 Rc8 13. Bf3 Re8 14. Rfe1 Bf8 15. Bc1 Qc7 16. Qf1 Qb8 17. g4 h6 18. h4 Nc5 19. Nxc5 Rxc5 20. g5 hxg5 21. hxg5 Nd7 22. Qh3 Rxc3 23. bxc3 Nc5 24. Kg2 g6 25. Ba3 Ne6 26. Qh4 Rd8 27. Bg4 Nf4+ 1/2-1/2

[Event "XXIV ProAm Copa Clarin 2017"]
[Site "Villa Martelli"]
[Date "2017.10.02"]
[Round "3.17"]
[White "Anino, Sergio"]
[Black "Faingerch, Sebastian"]
[Result "1-0"]
[ECO "A00"]
[WhiteElo "2132"]
[BlackElo "1892"]
[Annotator "RC"]
[PlyCount "81"]
[EventDate "2017.??.??"]
[EventType "swiss"]
[EventCountry "ARG"]
[SourceTitle "playchess.com"]
[Source "ChessBase"]
[SourceQuality "1"]
[TimeControl "5400+30"]

1. d4 Nf6 2. c4 g6 3. Nc3 Bg7 4. e4 d6 5. Nf3 O-O 6. Be2 e5 7. d5 a5 8. Bg5 h6 9. Bh4 g5 10. Bg3 Nh5 11. h4 Nxg3 12. fxg3 g4 13. Nd2 h5 14. O-O c6 15. Kh2 Na6 16. Bd3 Nc5 17. Bc2 Bd7 18. Qe2 Rb8 19. Nd1 Bh6 20. Ne3 cxd5 21. Nf5 Bf4 22. gxf4 Bxf5 23. exf5 Qxh4+ 24. Kg1 e4 25. Rfe1 e3 26. Nf1 dxc4 27. Qxe3 Rfe8 28. Qc3 Rxe1 29. Rxe1 b5 30. g3 Qd8 31. Re2 Qb6 32. Kh2 d5 33. Qd4 Rd8 34. f6 Qd6 35. Qe5 Qxe5 36. Rxe5 b4 37. Rg5+ Kf8 38. Rxh5 Ke8 39. Re5+ Kf8 40. Ne3 d4 41. Nxc4 1-0

[Event "XXIV ProAm Copa Clarin 2017"]
[Site "Villa Martelli"]
[Date "2017.10.02"]
[Round "3.19"]
[White "Sotelo Rojas, Ruben"]
[Black "Olivera, Horacio"]
[Result "1-0"]
[ECO "A00"]
[WhiteElo "1767"]
[BlackElo "2097"]
[Annotator "NA RC"]
[PlyCount "81"]
[EventDate "2017.??.??"]
[EventType "swiss"]
[EventCountry "ARG"]
[SourceTitle "playchess.com"]
[Source "ChessBase"]
[SourceQuality "1"]
[TimeControl "5400+30"]

1. d4 Nf6 2. c4 e6 3. Nf3 Bb4+ 4. Nc3 b6 5. Bg5 h6 6. Bh4 Bb7 7. e3 g5 8. Bg3 Ne4 9. Rc1 Bxc3+ 10. bxc3 d6 11. Bd3 Nd7 12. Qa4 O-O 13. h4 g4 14. Nh2 Nxg3 15. fxg3 f5 16. O-O h5 17. Rce1 Qe7 18. Qc2 Rae8 19. Rf4 Kg7 20. Qf2 Nf6 21. d5 exd5 22. Rxf5 Ne4 23. Qf4 Rxf5 24. Qxf5 Qf7 25. Bxe4 dxe4 26. Qg5+ Qg6 27. Qb5 a6 28. Qa4 Re7 29. Rf1 Qe6 30. Rf4 Qe5 31. Qc2 Bc8 32. Nf1 Bf5 33. Qd2 Bg6 34. Qd4 c5 35. Qd2 b5 36. cxb5 axb5 37. Qc2 d5 38. Kh2 d4 39. exd4 cxd4 40. Qb3 d3 41. Nd2 {( 1-0 en la jugada 59 )} 1-0

[Event "XXIV ProAm Copa Clarin 2017"]
[Site "Villa Martelli"]
[Date "2017.10.02"]
[Round "3.20"]
[White "Abate, Tomas"]
[Black "Palu, Andres"]
[Result "0-1"]
[ECO "A00"]
[WhiteElo "1726"]
[BlackElo "2063"]
[Annotator "NA RC"]
[PlyCount "88"]
[EventDate "2017.??.??"]
[EventType "swiss"]
[EventCountry "ARG"]
[SourceTitle "playchess.com"]
[Source "ChessBase"]
[SourceQuality "1"]
[TimeControl "5400+30"]

1. e4 c5 2. Nf3 g6 3. d4 cxd4 4. Nxd4 Nc6 5. c4 Nf6 6. Nc3 Nxd4 7. Qxd4 d6 8. Be3 Bg7 9. Be2 O-O 10. Qd2 Bd7 11. O-O Bc6 12. f3 a5 13. Rac1 a4 14. Rfd1 Nd7 15. Bd4 Bxd4+ 16. Qxd4 Qa5 17. Kh1 Rfc8 18. Nd5 Bxd5 19. exd5 Qb4 20. Bf1 Rc7 21. Re1 Nb6 22. a3 Qc5 23. Qxc5 dxc5 24. Re3 Nc8 25. Rce1 Kf8 26. Bd3 Nd6 27. Rc1 Ra6 28. Re2 Rb6 29. Bb1 Rc8 30. g4 Rb3 31. Kg2 b5 32. Ba2 bxc4 33. Bxb3 cxb3 34. Rce1 Rc7 35. Rc1 c4 36. Re3 Rc5 37. Rd1 Nb5 38. Rde1 c3 39. Rxe7 cxb2 40. Re8+ Kg7 41. Rb1 Rc2+ 42. Kg3 Nxa3 43. d6 Nxb1 44. d7 Rd2 0-1

[Event "XXIV ProAm Copa Clarin 2017"]
[Site "Villa Martelli"]
[Date "2017.10.02"]
[Round "3.21"]
[White "Churba, Daniel Alberto"]
[Black "Mirada, Luciano"]
[Result "1-0"]
[ECO "A00"]
[WhiteElo "2062"]
[BlackElo "1863"]
[Annotator "NA RC"]
[PlyCount "75"]
[EventDate "2017.??.??"]
[EventType "swiss"]
[EventCountry "ARG"]
[SourceTitle "playchess.com"]
[Source "ChessBase"]
[SourceQuality "1"]
[TimeControl "5400+30"]

1. Nf3 Nf6 2. c4 g6 3. b3 Bg7 4. Bb2 O-O 5. g3 d6 6. Bg2 e5 7. d3 Nbd7 8. O-O Nh5 9. Nc3 f5 10. Qd2 f4 11. d4 exd4 12. Nxd4 Ne5 13. Bd5+ Kh8 14. Ne6 Bxe6 15. Bxe6 f3 16. Bd5 Qd7 17. exf3 c6 18. f4 Nxf4 19. gxf4 Qg4+ 20. Kh1 cxd5 21. f3 Qxf4 22. Qxf4 Rxf4 23. Nxd5 Rxf3 24. Bxe5 Rxf1+ 25. Rxf1 dxe5 26. Rf7 b6 27. Kg2 Kg8 28. Rb7 e4 29. Re7 Kf8 30. Kf2 e3+ 31. Ke2 h5 32. Rb7 Bh6 33. Nc7 Rc8 34. Ne6+ Kg8 35. Rxa7 Re8 36. Nc7 Re4 37. Nd5 Rh4 38. Ne7+ 1-0

[Event "XXIV ProAm Copa Clarin 2017"]
[Site "Villa Martelli"]
[Date "2017.10.02"]
[Round "3.24"]
[White "Hoeschele, Hermann"]
[Black "Amoroso, Juan Pablo"]
[Result "0-1"]
[ECO "A00"]
[WhiteElo "1677"]
[BlackElo "2014"]
[Annotator "NA RC"]
[PlyCount "84"]
[EventDate "2017.??.??"]
[EventType "swiss"]
[EventCountry "ARG"]
[SourceTitle "playchess.com"]
[Source "ChessBase"]
[SourceQuality "1"]
[TimeControl "5400+30"]

1. Nf3 c5 2. g3 g6 3. Bg2 Bg7 4. O-O Nc6 5. e4 e5 6. c3 Nge7 7. d3 O-O 8. a4 d6 9. h3 h6 10. Be3 Be6 11. Nbd2 Qd7 12. g4 f5 13. gxf5 gxf5 14. exf5 Bxf5 15. Ne4 Bxh3 16. Nh4 Bg4 17. Qd2 Qe6 18. f4 Nf5 19. Nxf5 Bxf5 20. Rf3 Bxe4 21. dxe4 exf4 22. Bxf4 Ne5 23. Bxe5 Bxe5 24. Raf1 Rxf3 25. Rxf3 Rf8 26. Rf5 Kg7 27. Qf2 Bf6 28. e5 dxe5 29. Bxb7 Qd7 30. Bf3 Qxa4 31. Qg2+ Kh8 32. Bd5 Qh4 33. Qg6 e4 34. Bf7 Bg7 35. Rh5 Qe1+ 36. Kg2 Qd2+ 37. Kh1 Qd1+ 38. Kg2 Qe2+ 39. Kg1 Qe3+ 40. Kh1 Qf3+ 41. Kh2 Qf4+ 42. Kh1 Rxf7 0-1

[Event "XXIV ProAm Copa Clarin 2017"]
[Site "Villa Martelli"]
[Date "2017.10.02"]
[Round "3.25"]
[White "Bruno, Gerardo"]
[Black "Amato, Leonel"]
[Result "0-1"]
[ECO "A00"]
[WhiteElo "1665"]
[BlackElo "2013"]
[Annotator "NA RC"]
[PlyCount "62"]
[EventDate "2017.??.??"]
[EventType "swiss"]
[EventCountry "ARG"]
[SourceTitle "playchess.com"]
[Source "ChessBase"]
[SourceQuality "1"]
[TimeControl "5400+30"]

1. d4 f5 2. c4 e6 3. Nc3 Nf6 4. Bg5 Be7 5. Nf3 c6 6. e3 d5 7. Ne5 O-O 8. Be2 Nbd7 9. Nxd7 Bxd7 10. O-O h6 11. Bxf6 Bxf6 12. f4 g5 13. cxd5 exd5 14. Kh1 Qe7 15. Qd2 Rae8 16. Nd1 gxf4 17. Rxf4 Bg5 18. g3 Bxf4 19. gxf4 Qe4+ 20. Kg1 Rf7 21. Bf1 Re6 22. Kf2 Rg7 23. Nc3 Qh1 24. Ke1 Be8 25. Qf2 Rge7 26. Qg3+ Kh7 27. Nd1 Bh5 28. Qh3 Bg4 29. Qg2 Qxg2 30. Bxg2 Bxd1 31. Rxd1 Rxe3+ 0-1

[Event "XXIV ProAm Copa Clarin 2017"]
[Site "Villa Martelli"]
[Date "2017.10.02"]
[Round "3.27"]
[White "Bosco, Giuliana"]
[Black "Maldonado, Gonzalo"]
[Result "0-1"]
[ECO "A00"]
[WhiteElo "1596"]
[BlackElo "1982"]
[Annotator "NA RC"]
[PlyCount "66"]
[EventDate "2017.??.??"]
[EventType "swiss"]
[EventCountry "ARG"]
[SourceTitle "playchess.com"]
[Source "ChessBase"]
[SourceQuality "1"]
[TimeControl "5400+30"]

1. e4 e5 2. Nf3 Nc6 3. d4 exd4 4. Bc4 Nf6 5. O-O h6 6. Re1 d6 7. Nxd4 Ne5 8. Bf1 Be7 9. f4 Ng6 10. Bb5+ c6 11. Bf1 O-O 12. Qf3 Qb6 13. c3 Re8 14. Nd2 Bf8 15. Nc4 Qc7 16. f5 Ne5 17. Nxe5 dxe5 18. Nc2 Bd7 19. Qg3 Kh7 20. Qh4 Be7 21. Qg3 c5 22. Bc4 Rf8 23. Qf3 b5 24. Bd3 c4 25. Bf1 Bc6 26. a4 a6 27. a5 Qb7 28. Qg3 Nxe4 29. Qxe5 Bd6 30. Qd4 Bc5 31. Rxe4 Bxd4+ 32. Rxd4 Be4 33. Ne3 Rad8 0-1

[Event "XXIV ProAm Copa Clarin 2017"]
[Site "Villa Martelli"]
[Date "2017.10.02"]
[Round "3.29"]
[White "Oyarzu, Eduardo"]
[Black "Arias, Maria Paula"]
[Result "1/2-1/2"]
[ECO "A00"]
[WhiteElo "1863"]
[BlackElo "1606"]
[Annotator "NA RC"]
[PlyCount "48"]
[EventDate "2017.??.??"]
[EventType "swiss"]
[EventCountry "ARG"]
[SourceTitle "playchess.com"]
[Source "ChessBase"]
[SourceQuality "1"]
[TimeControl "5400+30"]

1. d4 f5 2. Nc3 Nf6 3. Bg5 e6 4. e3 Be7 5. Bd3 O-O 6. Bxf6 Bxf6 7. Qf3 Nc6 8. a3 a6 9. Nge2 Qe7 10. Nf4 d6 11. O-O-O g6 12. Bc4 Bd7 13. Ncd5 Qd8 14. Nxf6+ Rxf6 15. Qg3 d5 16. Bd3 Qe7 17. h4 Qg7 18. Nh3 Be8 19. Rdf1 Rd8 20. Qh2 h5 21. f3 Qh6 22. Ng5 Rd7 23. Qf4 Qf8 24. Qh2 Qd6 {( tablas en la jugada 42 )} 1/2-1/2

[Event "XXIV ProAm Copa Clarin 2017"]
[Site "Villa Martelli"]
[Date "2017.10.02"]
[Round "3.30"]
[White "Katopodis, Santiago"]
[Black "Sola, Jose Antonio"]
[Result "0-1"]
[ECO "A00"]
[WhiteElo "1485"]
[BlackElo "1692"]
[Annotator "NA RC"]
[PlyCount "83"]
[EventDate "2017.??.??"]
[EventType "swiss"]
[EventCountry "ARG"]
[SourceTitle "playchess.com"]
[Source "ChessBase"]
[SourceQuality "1"]
[TimeControl "5400+30"]

1. e4 d6 2. d4 g6 3. Nf3 Bg7 4. Be2 Nf6 5. Nc3 a6 6. h3 b5 7. a3 Bb7 8. Bd3 O-O 9. O-O c5 10. dxc5 dxc5 11. e5 Nd5 12. Nxd5 Qxd5 13. Bf4 e6 14. Re1 Nc6 15. b3 Rfd8 16. Be4 Qxd1 17. Raxd1 h6 18. g4 g5 19. Bg3 Rxd1 20. Rxd1 Rd8 21. Rxd8+ Nxd8 22. Bxb7 Nxb7 23. Kf1 Na5 24. Ke2 Nc6 25. Ke3 Bf8 26. c3 Be7 27. Nd2 b4 28. cxb4 cxb4 29. a4 Bc5+ 30. Ke4 Na5 31. f4 Kg7 32. fxg5 hxg5 33. h4 gxh4 34. Bxh4 Kf8 35. Bd8 Nc6 36. Bc7 Ke8 37. Nc4 Kd7 38. Bd6 Bxd6 39. Nxd6 Ke7 40. Nc4 f6 41. g5 fxg5 42. Ne3 0-1

[Event "XXIV ProAm Copa Clarin 2017"]
[Site "Villa Martelli"]
[Date "2017.10.02"]
[Round "3.31"]
[White "Doval, Oscar"]
[Black "Amedei, Hugo"]
[Result "1-0"]
[ECO "A00"]
[WhiteElo "1691"]
[BlackElo "1541"]
[Annotator "NA RC"]
[PlyCount "51"]
[EventDate "2017.??.??"]
[EventType "swiss"]
[EventCountry "ARG"]
[SourceTitle "playchess.com"]
[Source "ChessBase"]
[SourceQuality "1"]
[TimeControl "5400+30"]

1. e4 e6 2. d4 d5 3. Nc3 dxe4 4. Nxe4 Nf6 5. Bg5 Be7 6. Bxf6 Bxf6 7. c3 Nd7 8. Nf3 Be7 9. Bd3 b6 10. O-O Bb7 11. Qe2 O-O 12. Rad1 Nf6 13. Ne5 Qd5 14. Rfe1 Rfd8 15. c4 Qa5 16. Nxf6+ Bxf6 17. Bxh7+ Kf8 18. Nxf7 Rd7 19. Ne5 Re7 20. Ng6+ Ke8 21. Nxe7 Qg5 22. f4 Qxf4 23. Qxe6 Bxd4+ 24. Rxd4 Qxd4+ 25. Qe3 Qxb2 26. Nc6+ 1-0

[Event "XXIV ProAm Copa Clarin 2017"]
[Site "Villa Martelli"]
[Date "2017.10.02"]
[Round "3.32"]
[White "Duran, Diego"]
[Black "Pucheta, Maximiliano"]
[Result "1-0"]
[ECO "A00"]
[WhiteElo "1667"]
[BlackElo "1490"]
[Annotator "NA RC"]
[PlyCount "43"]
[EventDate "2017.??.??"]
[EventType "swiss"]
[EventCountry "ARG"]
[SourceTitle "playchess.com"]
[Source "ChessBase"]
[SourceQuality "1"]
[TimeControl "5400+30"]

1. e4 e5 2. Nf3 Nc6 3. Bb5 Nf6 4. O-O Be7 5. Re1 d6 6. h3 Bd7 7. c3 O-O 8. d4 Re8 9. d5 Nb8 10. Bxd7 Nbxd7 11. Bg5 Nb6 12. Nbd2 Qd7 13. a4 a5 14. b3 Rf8 15. Nf1 Ne8 16. Be3 Nf6 17. Ng3 Bd8 18. Nh2 Re8 19. Qf3 Be7 20. Nf5 Bf8 21. Bg5 Qd8 22. Ng4 1-0

[Event "XXIV ProAm Copa Clarin 2017"]
[Site "Villa Martelli"]
[Date "2017.10.02"]
[Round "3.33"]
[White "Gomez Martinez, Juan Carlos"]
[Black "Viegas Palermo, Jose"]
[Result "1-0"]
[ECO "A00"]
[WhiteElo "1643"]
[BlackElo "1295"]
[Annotator "NA RC"]
[PlyCount "51"]
[EventDate "2017.??.??"]
[EventType "swiss"]
[EventCountry "ARG"]
[SourceTitle "playchess.com"]
[Source "ChessBase"]
[SourceQuality "1"]
[TimeControl "5400+30"]

1. e4 c5 2. d4 e6 3. Nf3 d5 4. exd5 exd5 5. Be2 Be7 6. O-O Nf6 7. dxc5 Bxc5 8. Bg5 O-O 9. Nc3 Be6 10. Qd2 Be7 11. Rad1 Qc8 12. Nd4 Nc6 13. Rfe1 Nxd4 14. Qxd4 Bc5 15. Qh4 Ng4 16. Bxg4 Bxg4 17. Rxd5 f6 18. Be3 Bxe3 19. Rxe3 f5 20. h3 f4 21. Re7 Bxh3 22. Qxh3 Qc6 23. Rdd7 Qg6 24. Qe6+ Qxe6 25. Rxg7+ Kh8 26. Rxh7+ 1-0

[Event "XXIV ProAm Copa Clarin 2017"]
[Site "Villa Martelli"]
[Date "2017.10.03"]
[Round "4"]
[White "Godoy, Luciano"]
[Black "Llanos, Guillermo"]
[Result "1/2-1/2"]
[ECO "B01"]
[WhiteElo "2105"]
[BlackElo "2305"]
[Annotator "ChessBase"]
[PlyCount "89"]
[EventDate "2017.??.??"]
[EventType "swiss"]
[EventCountry "ARG"]
[SourceTitle "playchess.com"]
[Source "ChessBase"]
[SourceQuality "1"]
[TimeControl "5400+30"]

1. e4 d5 2. exd5 Qxd5 3. Nc3 Qd8 4. d4 Nf6 5. Nf3 Bg4 6. h3 Bxf3 7. Qxf3 c6 8. Be3 e6 9. Bd3 Bb4 10. O-O O-O 11. Ne4 Nbd7 12. Rad1 Nxe4 13. Qxe4 Nf6 14. Qh4 Be7 15. Rfe1 Re8 16. c4 g6 17. Qg3 a5 18. Qf3 a4 19. h4 h5 20. Bg5 Nd7 21. d5 exd5 22. Rxe7 Rxe7 23. cxd5 Ne5 24. Qf6 Re8 25. Qxd8 Raxd8 26. Bxd8 Rxd8 27. dxc6 bxc6 28. Bc2 Rb8 29. Bxa4 Rxb2 30. Bb3 Kf8 31. Rc1 Ke7 32. Rc2 Rb1+ 33. Kh2 Kd6 34. Kg3 Re1 35. Rd2+ Kc7 36. Rc2 f6 37. Rc3 Kd6 38. f4 Nd7 39. Bf7 Re7 40. Bxg6 Rg7 41. f5 Ne5 42. Kf4 Nxg6+ 43. fxg6 Rxg6 44. g3 Rg4+ 45. Kf5 1/2-1/2

[Event "XXIV ProAm Copa Clarin 2017"]
[Site "Villa Martelli"]
[Date "2017.10.03"]
[Round "4"]
[White "Montes De Oca, Juan"]
[Black "Barrionuevo, Pablo"]
[Result "0-1"]
[ECO "C01"]
[WhiteElo "2042"]
[BlackElo "2256"]
[Annotator "ChessBase"]
[PlyCount "78"]
[EventDate "2017.??.??"]
[EventType "swiss"]
[EventCountry "ARG"]
[SourceTitle "playchess.com"]
[Source "ChessBase"]
[SourceQuality "1"]
[TimeControl "5400+30"]

1. e4 e6 2. d4 d5 3. exd5 exd5 4. Bd3 Nc6 5. Nf3 Bd6 6. Bg5 Nge7 7. c3 Bg4 8. Nbd2 Qd7 9. Qc2 Qe6+ 10. Kf1 f6 11. Re1 Qd7 12. Bh4 O-O-O 13. Bg3 Bxg3 14. fxg3 h5 15. h3 Bf5 16. Nb3 b6 17. Kf2 g5 18. Nc1 Bxd3 19. Qxd3 Nf5 20. Qe2 Nd6 21. Nd2 f5 22. Rhf1 h4 23. gxh4 Rxh4 24. Qa6+ Kb8 25. Nf3 Ne4+ 26. Kg1 Rh6 27. Nd3 g4 28. Nfe5 Nxe5 29. Nxe5 Qh7 30. h4 Re6 31. Rxe4 dxe4 32. g3 Rxe5 33. dxe5 Rd3 34. Kg2 Qd7 35. Qc4 Rd2+ 36. Kg1 e3 37. Re1 Rxb2 38. e6 Qd6 39. Rxe3 Qd2 0-1